Map: Moonlight Madness LE (Void)

Players

SeraphimVeil

  • Race: Zerg Zerg
  • League: Bronze

SticklerMac - Winner!

  • Race: Zerg Zerg
  • League: Bronze

VOD

Have the link to the VOD?

Description

Time

  • Played on: Aug. 10, 2015, 7:34 p.m.
  • Length: 3:37
Show
View Real Time Build Order
Export as new Build Order

SeraphimVeil Zerg 

Build Orders: Hatch First 

Get SALT Encoding   

  12  0:08  Overlord  
  12  0:13  Drone  
  13  0:17  Drone  
  14  0:26  Drone  
  15  0:30  Drone  
  16  0:41  Drone  
  17  0:55  Hatchery  
  16  1:08  Spawning Pool  
  16  1:10  Drone  
  16  1:17  Extractor  
  16  1:25  Drone  
  16  1:26  Drone  
  16  1:27  Drone  
  18  1:41  Drone  
  19  1:48  Drone  
  20  1:54  Queen  
  22  2:08  Drone x2  
  24  2:10  Overlord  
  24  2:13  Queen  
  26  2:19  Drone  
  27  2:36  Drone x2  
  27  2:37  Drone  
  30  2:50  Drone x2  
  30  2:59  Zergling x4  
  30  3:09  Zergling x4  
Show
View Real Time Build Order
Export as new Build Order

SticklerMac Zerg - Winner!

Build Orders: Pool Only 

Get SALT Encoding   

  12  0:01  Drone  
  13  0:08  Drone  
  14  0:27  Spawning Pool  
  13  0:31  Drone  
  13  0:35  Extractor  
  13  0:38  Drone  
  14  0:50  Overlord  
  14  1:12  Drone x2  
  14  1:13  Drone  
  14  1:17  Queen  
  19  1:27  Extractor  
  19  1:30  Drone  
  19  1:34  Metabolic Boost  
  19  1:39  Zergling x2  
  20  1:46  Overlord  
  20  1:57  Zergling x2  
  21  2:06  Zergling x2  
  22  2:18  Zergling x2  
  23  2:27  Zergling x8  
  27  2:35  Zergling x2  
  28  2:40  Baneling Nest  
  28  2:41  Zergling x2  
  28  2:54  Zergling x2  
  28  3:05  Overlord x4  
Tags
 
Add a new tag
Caveats
  • Supply blocks, unpowered buildings, or Contaminate may cause inaccurate times.
  • Supply counts are checked every 10 seconds.